 Dungeon Crawl Stone Soup version 0.30.1-9-gdf580d7c3d (webtiles) character file.

Game seed: 14157576325141378460

2254 Amplified the Covered (level 9, -17/80 HPs)
             Began as an Armataur Gladiator on Sept 29, 2023.
             Was a Follower of Okawaru.
             Demolished by a sun demon (18 damage)
             ... summoned by a kobold demonologist
             ... on level 8 of the Dungeon on Sept 30, 2023.
             The game lasted 00:10:04 (7218 turns).

Amplified the Covered (Armataur Gladiator)          Turns: 7218, Time: 00:10:04

Health: -17/80     AC: 22    Str: 24    XL:     9   Next: 15%
Magic:  8/11       EV:  3    Int: 12    God:    Okawaru [*.....]
Gold:   534        SH:  5    Dex: 12    Spells: 8/8 levels left

rFire   . . .        n - +5 whip of the Abyss {pain, Drain rN+ Dex+4}
rCold   . . .        (no shield)
rNeg    + . .        f - +0 plate armour
rPois   .            (helmet restricted)
rElec   +            (no cloak)
rCorr   .            h - +0 pair of gloves
SInv    .            j - +3 barding
Will    .....        s - amulet of reflection Stlth
                     (no ring)
HPRegen 0.33/turn    (no ring)
MPRegen 0.12/turn

%: reflection, roll
@: about to teleport, invisible
A: large, rugged brown scales 3, deformed body, armoured tail, roll, long
tongue, awkward tongue, beak, iridescent scales 1, clever 1, clumsy 1,
electricity resistance, MP-powered wands
a: Renounce Religion, Heroism


You were on level 8 of the Dungeon.
You worshipped Okawaru.
Okawaru was aware of your devotion.
You visited 2 branches of the dungeon, and saw 9 of its levels.

You collected 1605 gold pieces.
You spent 1071 gold pieces at shops.

Inventory:

Hand Weapons
 g - a +4 whip
 n - the +5 whip of the Abyss (weapon) {pain, Drain rN+ Dex+4}
   (You bought it in a shop on level 2 of the Dungeon)

   Dex:       It affects your dexterity (+4).
   rN:        It protects you from negative energy.
   Drain:     It drains your maximum health when unequipped.
 x - a +0 broad axe
Missiles
 d - 2 throwing nets (quivered)
 e - 5 javelins
Armour
 c - a +0 helmet
 f - a +0 plate armour (worn)
 h - a +0 pair of gloves (worn)
 j - a +3 barding (worn)
Jewellery
 s - an amulet of reflection (around neck)
Wands
 b - a wand of mindburst (4)
 i - a wand of paralysis (16)
 u - a wand of polymorph (7)
Scrolls
 l - a scroll of teleportation
 m - 3 scrolls of torment
 o - 2 scrolls of identify
 r - a scroll of poison
 t - 2 scrolls of fog
 v - a scroll of amnesia
 w - 2 scrolls of enchant weapon
 B - 2 scrolls of fear
Potions
 k - 3 potions of heal wounds
 p - 7 potions of curing
 q - a potion of haste
 z - 2 potions of magic
 A - 2 potions of attraction
 C - a potion of brilliance


   Skills:
 * Level 5.7 Fighting
 - Level 3.3(4.3) Axes
 * Level 4.6(5.3) Maces & Flails
 - Level 2.0 Throwing
 * Level 6.9 Armour
 - Level 2.3 Dodging
 * Level 4.2 Necromancy
 * Level 2.7 Invocations


You had 8 spell levels left.
You didn't know any spells.
Your spell library contained the following spells:

 Spells                   Type           Power      Damage    Failure   Level
 Blink                    Tloc           0%         N/A       100%        2
 Lesser Beckoning         Tloc           0%         N/A       100%        2
 Gell's Gravitas          Tloc           0%         N/A       100%        3
 Portal Projectile        Hex/Tloc       0%         N/A       100%        3
 Teleport Other           Tloc           0%         N/A       100%        3
 Vhi's Electric Charge    Tloc/Air       0%         N/A       100%        3
 Leda's Liquefaction      Hex/Erth       0%         N/A       100%        4
 Manifold Assault         Tloc           0%         N/A       100%        4
 Arcjolt                  Conj/Air       0%         1d10      100%        5
 Plasma Beam              Fire/Air       0%         2x1d11    100%        6
 Storm Form               Tmut/Air       0%         N/A       100%        7
 Call Canine Familiar     Summ           Unusable   N/A       N/A         3

Dungeon Overview and Level Annotations

Branches:
Dungeon (8/15)             Temple (1/1) D:4
   Lair: D:8-11

Altars:
Ashenzari
Cheibriados
Dithmenos
Elyvilon
Fedhas
Gozag
Hepliaklqana
Kikubaaqudgha
Nemelex Xobeh
Okawaru
Qazlal
Ru
Sif Muna
Trog
Uskayaw
Vehumet
Wu Jian
Xom
Yredelemnul

Shops:
D:2 :?*=!   D:3 *   D:6 :   D:8 [


Innate Abilities, Weirdness & Mutations

You are completely covered in rugged brown scales. (AC +3, +7% HP)
Armour fits poorly on your strangely shaped body.
You have a long armoured tail.
You roll when moving toward enemies. (Rampage)
Your long tongue fully drains potion bottles. (2x potion effects)
Your tongue gives you trouble enunciating. (1.5x scroll delay)
You have a beak for a mouth.
You are partially covered in iridescent scales. (AC +2)
Your mind is acute. (Int +4, Str/Dex -1)
You are clumsy. (Dex -2)
You are resistant to electric shocks. (rElec)
You expend magic power (3 MP) to strengthen your wands.


Message History

The sun demon hits you.
You are engulfed in flames!
The kobold demonologist hits you but does no damage.
The chaos spawn barely misses you.
The sun demon hits you but does no damage.
You whack the kobold demonologist!
The kobold demonologist writhes in agony.
Your tail-slap misses the kobold demonologist.
The kobold demonologist is severely wounded.
The kobold demonologist hits you but does no damage.
The chaos spawn gores you but does no damage.
Unknown command.
You hit the kobold demonologist.
The kobold demonologist writhes in agony.
Your peck misses the kobold demonologist.
The kobold demonologist is almost dead.
The sun demon hits you!
You are engulfed in flames!!
The kobold demonologist hits you but does no damage.
The sun demon hits you.
* * * LOW HITPOINT WARNING * * *
You are engulfed in flames!
* * * LOW HITPOINT WARNING * * *
Unknown command.
Blink to where?
Press: ? - help, Dir - move target As you slowly read the scroll of blinking, it crumbles to dust.
Aiming: Mindburst
Press: ? - help, Shift-Dir - straight line, f - kobold demonologist
Aim: a kobold demonologist, wielding a +0 dagger and wearing a +0 robe (almost dead, unable to see you, chance to affect: 54%)
You feel a surge of power!
The kobold demonologist resists with significant effort.
The kobold demonologist gestures wildly while chanting.
Okay, then.
As you slowly read the scroll of teleportation, it crumbles to dust.
You feel strangely unstable.
Unknown command.
The crimson imp shouts!
The sun demon hits you!
* * * LOW HITPOINT WARNING * * *
You are engulfed in flames!!
You die...

...'.........#..
...########.... .#####
...#..#......####......#
...'..#......##........#
...#..#......##.#......#
.....##................#
#####....#+#.#...#.....#
#....#....#.#......#
#....'..4.K3@......#
#....#.5..#.#......#
#....#5..#...#.....#
#....+.............#
#....#.....##......#
#....####### ......#
###### #######


You could see a sun demon (summoned, unable to see you), a kobold demonologist
(unable to see you), a chaos spawn (summoned, unable to see you), a crimson imp
(summoned, wandering, unable to see you) and a white imp (summoned, wandering,
unable to see you).

Vanquished Creatures
  A hornet (D:7)
  A water moccasin (D:8)
  An orc warrior (D:5)
  2 ice beasts
  A black bear (D:5)
  2 ogres (D:5)
  2 centaurs
  2 bullfrogs
  A kobold brigand (D:8)
  A scorpion (D:5)
  4 gnoll boudas
  7 orc priests
  4 hounds
  A sleepcap (D:5)
  5 iguanas
  5 orc wizards
  6 gnolls
  7 adders
  A white imp (D:7)
  An ufetubus (D:6)
  6 worms
  A dart slug (D:3)
  15 orcs
  3 ball pythons
  4 bats
  4 endoplasms
  7 giant cockroaches
  13 goblins
  5 hobgoblins
  15 kobolds
  5 quokkas
  2 frilled lizards (D:3)
  6 rats
141 creatures vanquished.

Notes
Turn   | Place    | Note
-------+----------+-------------------------------------------
     0 | D:1      | Amplified the Armataur Gladiator began the quest for the
                  | Orb.
     0 | D:1      | Reached XP level 1. HP: 18/18 MP: 1/1
   114 | D:1      | Reached XP level 2. HP: 7/25 MP: 2/2
   890 | D:2      | Found Gevaqe Nyffu's Jewellery Boutique.
   907 | D:2      | Reached skill level 1 in Armour
   910 | D:2      | Reached XP level 3. HP: 25/31 MP: 3/3
   946 | D:2      | Found Nuase's Distillery.
   977 | D:2      | Bought a potion of heal wounds for 60 gold pieces
   977 | D:2      | Bought a potion of heal wounds for 60 gold pieces
  1026 | D:2      | Found Xaduwej's Assorted Antiques.
  1206 | D:2      | Found Hoyg's Magic Scroll Shop.
  1229 | D:2      | Found Mimam's Book Shop.
  1345 | D:2      | Found a faded altar of an unknown god.
  1467 | D:3      | Reached XP level 4. HP: 34/39 MP: 4/4
  1550 | D:3      | Reached skill level 2 in Armour
  1754 | D:3      | Found Cuybosip's Assorted Antiques.
  2100 | D:3      | Reached XP level 5. HP: 48/48 MP: 5/5
  2522 | D:3      | Identified a scroll of acquirement
  2522 | D:3      | Acquired 981 gold pieces
  2700 | D:2      | Bought a fading whip for 217 gold pieces
  2700 | D:2      | Identified the +5 whip of the Abyss {pain, Drain rN+ Dex+4}
                  | (You bought it in a shop on level 2 of the Dungeon)
  2700 | D:2      | Bought a scroll labelled OZXERE NUTHRUSK for 29 gold pieces
  2700 | D:2      | Bought a scroll of teleportation for 87 gold pieces
  2727 | D:2      | Bought a potion of curing for 36 gold pieces
  2727 | D:2      | Bought a potion of curing for 36 gold pieces
  2727 | D:2      | Bought a potion of curing for 36 gold pieces
  2727 | D:2      | Bought a potion of heal wounds for 60 gold pieces
  2727 | D:2      | Bought a potion of haste for 120 gold pieces
  2736 | D:2      | Bought an amulet of reflection for 330 gold pieces
  2744 | D:2      | Gained mutation: You are frail. (-10% HP) [potion of
                  | mutation]
  2744 | D:2      | Gained mutation: You possess an exceptional clarity of
                  | mind. [potion of mutation]
  2744 | D:2      | Gained mutation: Your spells are a little easier to cast,
                  | but a little less powerful. [potion of mutation]
  2744 | D:2      | Gained mutation: Your mind is acute. (Int +4, Str/Dex -1)
                  | [potion of mutation]
  2744 | D:2      | Gained mutation: Your natural rate of healing is unusually
                  | fast. [potion of mutation]
  2870 | D:4      | Found a staircase to the Ecumenical Temple.
  2876 | Temple   | Entered the Ecumenical Temple
  3134 | D:4      | Reached skill level 3 in Armour
  3365 | D:4      | Reached skill level 1 in Maces & Flails
  3367 | D:4      | Reached skill level 1 in Necromancy
  3464 | D:5      | Entered Level 5 of the Dungeon
  3545 | D:5      | Reached XP level 6. HP: 49/49 MP: 6/6
  3573 | D:5      | Noticed an ice beast
  3582 | D:5      | Killed an ice beast
  3709 | D:5      | Reached skill level 4 in Armour
  3782 | D:5      | Lost mutation: Your spells are a little easier to cast, but
                  | a little less powerful. [potion of mutation]
  3782 | D:5      | Lost mutation: You are frail. (-10% HP) [potion of
                  | mutation]
  3782 | D:5      | Lost mutation: You possess an exceptional clarity of mind.
                  | [potion of mutation]
  3782 | D:5      | Lost mutation: Your natural rate of healing is unusually
                  | fast. [potion of mutation]
  3782 | D:5      | Gained mutation: You are partially covered in iridescent
                  | scales. (AC +2) [potion of mutation]
  3782 | D:5      | Gained mutation: You have a beak for a mouth. [potion of
                  | mutation]
  3782 | D:5      | Gained mutation: You are resistant to electric shocks.
                  | (rElec) [potion of mutation]
  3782 | D:5      | Gained mutation: You are clumsy. (Dex -2) [potion of
                  | mutation]
  3782 | D:5      | Gained mutation: You expend magic power (3 MP) to
                  | strengthen your wands. [potion of mutation]
  3906 | D:5      | Found a basalt altar of Yredelemnul.
  3906 | D:5      | Found a blossoming altar of Fedhas.
  3917 | D:5      | Reached XP level 7. HP: 29/62 MP: 0/7
  3930 | D:5      | Found an iron altar of Okawaru.
  3932 | D:5      | Found an ancient bone altar of Kikubaaqudgha.
  3934 | D:5      | Found a hide-covered altar of Uskayaw.
  4114 | D:5      | Became a worshipper of Warmaster Okawaru
  4220 | D:5      | Reached skill level 5 in Armour
  4311 | D:5      | Reached XP level 8. HP: 47/71 MP: 8/8
  4618 | D:5      | Reached * piety under Okawaru
  5084 | D:6      | Reached skill level 5 in Fighting
  5207 | D:6      | Found Poriowk's Book Boutique.
  5481 | D:6      | Reached skill level 6 in Armour
  5808 | D:7      | Noticed a hornet
  5816 | D:7      | Paralysed by a hornet for 2 turns
  5822 | D:7      | Killed a hornet
  5823 | D:7      | Reached skill level 1 in Invocations
  6462 | D:7      | Identified the +2 whip of the Glamorous God {freeze, +Blink
                  | Str+3}
  6490 | D:7      | Found a bloodstained altar of Trog.
  6500 | D:7      | Found a hazy altar of Hepliaklqana.
  6887 | D:8      | Reached XP level 9. HP: 55/79 MP: 10/10
  7198 | D:8      | Noticed a kobold demonologist
  7199 | D:8      | Found Goezux's Armour Shoppe.
  7200 | D:8      | Noticed a sun demon
  7218 | D:8      | HP: 1/80 [sun demon[a kobold demonologist] (11)]
  7218 | D:8      | Demolished by a sun demon

Illustrated notes

Levels and vault maps discovered:
D:1:      dpeg_arrival_tiny_i, layout_basic, serial_forest,
          infiniplex_forest_end_1, infiniplex_forest_clump_large,
          infiniplex_forest_lined_3, infiniplex_forest_lined_corner,
          infiniplex_forest_clump_double, infiniplex_forest_zigzag_1,
          infiniplex_forest_straight_4
D:2:      layout_rooms, serial_shops, shop_coins, nicolae_shop_window_shopping,
          shop, nicolae_shop_tiny_glass, shop,
          hellmonk_ecumenical_altar_heavens_door
D:3:      cheibrodos_greedy_goblins, layout_basic, serial_shops, shop,
          minmay_misc_feat_more_columns, grunt_decor_mini_mirrors
D:4:      layout_rooms, minmay_temple_entry_trees, kennysheep_orc_chapel
D:5:      minmay_diamond_boxcup, layout_basic,
          chequers_temple_overflow_minitemple, minmay_misc_feat_alley
D:6:      layout_basic, serial_shops, nicolae_shop_tiny_waterfront
D:7:      layout_basic, nicolae_overflow_squiral, serial_park_tiny_2
D:8:      layout_gridville, grunt_temple_overflow_order_and_chaos_2,
          serial_shops, nicolae_shop_advertising_works
          [nicolae_subvault_shop_adworks]
Temple:   hc_temple_tempest_star

Skill      XL: |  1  2  3  4  5  6  7  8 |
---------------+-------------------------+-----
Fighting       | 2 3 4 5 |  5.7
Throwing       | 2 |  2.0
Armour         | 1 2 3 4 5 6 |  6.9
Axes           | 3 |  3.3
Maces & Flails | 1 2 3 4 |  4.6
Necromancy     | 1 2 4 |  4.2
Invocations    | 2 |  2.7
Dodging        | |  2.3

Action                     |  1- 3 |  4- 6 |  7- 9 || total
---------------------------+-------+-------+-------++-------
  Melee: War axe           |    84 |    81 |       ||   165
         Tailslap          |     6 |    15 |    27 ||    48
         Punch             |       |     1 |     2 ||     3
         Whip              |       |    70 |   199 ||   269
         Peck              |       |     1 |    42 ||    43
  Throw: Throwing net      |     3 |     2 |     1 ||     6
 Invoke: Heroism           |       |       |     2 ||     2
  Evoke: Wand              |       |    10 |     5 ||    15
    Use: Scroll            |     2 |     9 |     7 ||    18
         Potion            |       |     6 |     2 ||     8
   Stab: Paralysed         |       |     5 |       ||     5
         Held in net/web   |       |     1 |       ||     1
         Distracted        |       |       |     1 ||     1
         Invisible         |       |       |     1 ||     1
 Armour: Leather armour    |     7 |       |       ||     7
         Plate armour      |    54 |   121 |   124 ||   299
  Dodge: Dodged            |    20 |    39 |    26 ||    85
  Block: Other             |       |    11 |    40 ||    51
         Reflection        |       |       |     3 ||     3
